 Dungeon Crawl Stone Soup version 0.31-a0-851-g7ff8af7976 (webtiles) character file.

Game seed: 5852761388154405690

278 Kurtz the Chopper (level 6, -2/47 HPs)
             Began as a Mummy Delver on Oct 6, 2023.
             Slain by an iguana (10 damage)
             ... on level 4 of the Dungeon.
             The game lasted 00:02:53 (2807 turns).

Kurtz the Chopper (Mummy Delver)                    Turns: 2807, Time: 00:02:53

Health: -2/47      AC:  9    Str: 15    XL:     6   Next: 5%
Magic:  6/6        EV:  7    Int: 10    God:
Gold:   184        SH:  0    Dex: 15    Spells: 5/5 levels left

rFire   x . .        a - +0 hand axe
rCold   + . .        (no shield)
rNeg    + + +        k - +0 chain mail
rPois   ∞            (no helmet)
rElec   .            (no cloak)
rCorr   .            i - +0 pair of gloves
SInv    .            (no boots)
Will    .....        h - amulet of the acrobat Stlth
                     (no ring)
HPRegen 0.27/turn    (no ring)
MPRegen 0.10/turn

%: acrobat, faith
@: no status effects
A: cold resistance 1, negative energy resistance 3, torment resistance 2, heat
vulnerability 1, in touch with death 1, no potions, faith
a: no special abilities


You were on level 4 of the Dungeon.
You visited 1 branch of the dungeon, and saw 5 of its levels.

You collected 184 gold pieces.

Inventory:

Hand Weapons
 a - a +0 hand axe (weapon)
Armour
 g - a +0 plate armour
 i - a +0 pair of gloves (worn)
 k - a +0 chain mail (worn)
Jewellery
 h - an amulet of the acrobat (around neck)
 n - a ring of ice
Wands
 f - a wand of digging (3)
Scrolls
 b - a scroll of identify {unknown}
 c - a scroll of fog
 d - 2 scrolls of revelation
 e - a scroll of fear
 j - a scroll of teleportation {unknown}
 m - a scroll of poison {unknown}


   Skills:
 - Level 3.0 Fighting
 * Level 5.3 Axes
 - Level 1.5 Dodging
 - Level 4.1 Stealth


You had 5 spell levels left.
You didn't know any spells.
Your spell library contained the following spells:

 Spells                   Type           Power      Damage    Failure   Level
 Kiss of Death            Conj/Necr      0%         2d5       99%         1
 Cigotuvi's Dreadful Rot  Necr/Pois/Air  0%         N/A       100%        2
 Confusing Touch          Hex            0%         N/A       100%        3
 Gell's Gravitas          Tloc           0%         N/A       100%        3
 Ignite Poison            Fire/Tmut/Pois 0%         N/A       100%        3
 Teleport Other           Tloc           0%         N/A       100%        3
 Dispel Undead            Necr           0%         3d6       100%        4
 Freezing Cloud           Conj/Ice/Air   0%         6-21      100%        5
 Dispersal                Tloc           0%         N/A       100%        6


Dungeon Overview and Level Annotations

Branches:
Dungeon (5/15)
 Temple: D:4-7

Altars:
Ashenzari


Innate Abilities, Weirdness & Mutations

You are immune to poison.
Your flesh is cold resistant. (rC+)
You are immune to negative energy. (rN+++)
You are immune to unholy pain and torment.
You are vulnerable to heat. (rF-)
You are in touch with the powers of death.
You do not drink.
You have a special connection with the divine. (Faith)


Message History

The iguana bites you!
You hit the iguana but do no damage. The iguana bites you.
Unknown command.
You hit the iguana but do no damage. The iguana bites you.
You hit the iguana but do no damage. The iguana bites you.
Unknown command.
You closely miss the iguana. The iguana barely misses you.
You barely miss the iguana. The iguana closely misses you.
You barely miss the iguana.
The iguana bites you but does no damage.
You hit the iguana.
The iguana is lightly wounded.
The iguana bites you.
You hit the iguana but do no damage. You punch the iguana.
The iguana is moderately wounded.
The iguana bites you.
You are too injured to fight recklessly!
You hit the iguana.
The iguana is heavily wounded.
The iguana bites you.
You are too injured to fight recklessly!
You barely miss the iguana.
The iguana is heavily wounded.
The iguana bites you!
* * * LOW HITPOINT WARNING * * *
You are too injured to fight recklessly!
You barely miss the iguana.
The iguana is heavily wounded.
The iguana closely misses you.
You hit the iguana.
The iguana is heavily wounded.
The iguana completely misses you.
You barely miss the iguana.
The iguana is heavily wounded.
The iguana bites you.
* * * LOW HITPOINT WARNING * * *
You hit the iguana but do no damage.
The iguana is heavily wounded.
The iguana bites you!
You die...

#...#............. ....#
#..####...###.....
......... #.............
.................##.#...
.......###......#####.#.
.[....# ##.....# ...
.......## #...... .%.
........##....### .#. .....
#@......# .....
####.l.....# .
....####.........##... ..#
#...#...........#...
....#..................
..................#...#
.................##...# .
...S...<.......####...##...
................#.#........


You could see an iguana.

Vanquished Creatures
  A water moccasin (D:3)
  A hound (D:4)
  6 adders
  3 worms (D:2)
  A dart slug (D:3)
  6 orcs (D:3)
  3 endoplasms (D:2)
  9 giant cockroaches
  5 goblins
  4 hobgoblins
  3 jackals (D:3)
  5 kobolds
  A quokka (D:1)
  8 ball pythons
  5 bats
  4 frilled lizards
  3 rats
68 creatures vanquished.

Notes
Turn   | Place    | Note
-------+----------+-------------------------------------------
     0 | D:5      | Kurtz the Mummy Delver began the quest for the Orb.
     0 | D:5      | Reached XP level 1. HP: 18/18 MP: 1/1
    21 | D:4      | Noticed an iguana
   115 | D:3      | Reached skill level 2 in Axes
   115 | D:3      | Reached XP level 2. HP: 20/24 MP: 2/2
   262 | D:2      | Reached skill level 3 in Axes
   262 | D:2      | Reached XP level 3. HP: 29/29 MP: 3/3
  1055 | D:2      | Reached XP level 4. HP: 32/35 MP: 4/4
  1355 | D:2      | Found a faded altar of an unknown god.
  1969 | D:3      | Reached skill level 4 in Axes
  1970 | D:3      | Found a broken altar of Ashenzari.
  2408 | D:4      | Reached XP level 5. HP: 41/41 MP: 5/5
  2415 | D:4      | Noticed a water moccasin
  2449 | D:4      | HP: 1/41 [iguana (6)]
  2653 | D:3      | Killed a water moccasin
  2654 | D:3      | Reached skill level 5 in Axes
  2654 | D:3      | Reached XP level 6. HP: 10/47 MP: 6/6
  2807 | D:4      | Slain by an iguana

Illustrated notes

Levels and vault maps discovered:
D:1:      dpeg_arrival_pond, layout_rooms, minmay_crystal_water
D:2:      minmay_wonky_spiral, layout_basic, shapermc_ecumenical_altar_venn,
          basic_altar, minmay_tree_intersection, kennysheep_generic_room_3
D:3:      layout_rooms, ashenzari_altar_1, hangedman_decor_opposing
D:4:      layout_cave_pools
D:5:      layout_basic, elyvilon_altar_4

Skill      XL: |  1  2  3  4  5 |
---------------+----------------+-----
Axes           | 2 3 4 5 |  5.3
Fighting       | |  3.0
Dodging        | |  1.5
Stealth        | |  4.1

Action                     |  1- 3 |  4- 6 || total
---------------------------+-------+-------++-------
  Melee: Hand axe          |   146 |   198 ||   344
         Punch             |       |     3 ||     3
  Throw: Throwing net      |       |     1 ||     1
    Use: Scroll            |       |     2 ||     2
 Armour: Plate armour      |   146 |       ||   146
         Leather armour    |     2 |       ||     2
         Chain mail        |       |   187 ||   187
  Dodge: Dodged            |    49 |    97 ||   146

Table legend: (Time is in decaauts)
 A = Elapsed time spent in this place.
 B = Non-inter-level travel time spent in this place.
 C = Inter-level travel time spent in this place.
 D = Time resting spent in this place.
 E = Time spent auto-exploring this place.
 F = Levels seen in this place.
 G = Mean time per level.
                   A        B        C        D        E       F      G
               +--------+--------+--------+--------+--------+-----+--------+
         Total |   2850 |   2642 |    208 |    467 |   1483 |   5 |  570.0 |
       Dungeon |   2850 |   2642 |    208 |    467 |   1483 |   5 |  570.0 |
               +--------+--------+--------+--------+--------+-----+--------+

Top non-repeatable levels by time:
     D:2: 1174 daAuts
     D:3: 956 daAuts
     D:1: 581 daAuts
     D:4: 117 daAuts
     D:5: 21 daAuts
